 Dungeon Crawl Stone Soup version 0.27.0-1-g7a089689b8 (webtiles) character file.

Game seed: 8656234264111109734

44 PentaManta the Ruffian (level 3, -2/31 HPs)
             Began as a Ghoul Abyssal Knight on Aug 16, 2021.
             Was a Follower of Lugonu.
             Slain by Sigmund (9 damage)
             ... on level 2 of the Dungeon.
             The game lasted 00:03:48 (1726 turns).

PentaManta the Ruffian (Ghoul Abyssal Knight)       Turns: 1726, Time: 00:03:49

Health: -2/31      AC:  5    Str: 16    XL:     3   Next: 60%
Magic:  3/3        EV: 10    Int:  7    God:    Lugonu [*.....]
Gold:   95         SH:  0    Dex:  8    Spells: 2/2 levels left

rFire    . . .     SeeInvis .     - Unarmed
rCold    + . .     Faith    .   (no shield)
rNeg     + + +     Spirit   .   j - +0 ring mail
rPois    ∞         Reflect  .   (no helmet)
rElec    .         Harm     .   (no cloak)
rCorr    .         Rampage  .   (no gloves)
Will     .....                  (no boots)
Stlth    ..........             (no amulet)
HPRegen  0.00/turn              (no ring)
MPRegen  0.08/turn              (no ring)

@: brilliant, inhibited regen
A: claws 1, cold resistance 1, negative energy resistance 3, inhibited
regeneration, torment resistance 2
a: Renounce Religion, Depart the Abyss


You were on level 2 of the Dungeon.
You worshipped Lugonu.
Lugonu was aware of your devotion.
You visited 1 branch of the dungeon, and saw 2 of its levels.
You visited the Abyss 1 time.

You collected 95 gold pieces.

Inventory:

Missiles
 b - 6 javelins
 k - 2 poisoned darts
Armour
 a - a +0 leather armour
 g - a +0 pair of gloves
 j - a +0 ring mail (worn)
Scrolls
 c - a scroll of teleportation {unknown}
 h - a scroll of blinking {unknown}
 i - a scroll of silence {unknown}
Potions
 d - a potion of resistance


   Skills:
 - Level 3.2 Fighting
 - Level 1.7 Armour
 - Level 0.8 Dodging
 + Level 4.2 Unarmed Combat
 - Level 2.0 Invocations


You had 2 spell levels left.
You didn't know any spells.
Your spell library contained the following spells:

 Spells                   Type           Power      Damage    Failure   Level
 Corona                   Hex            0%         N/A       65%         1
 Ensorcelled Hibernation  Hex/Ice        0%         N/A       78%         2
 Call Canine Familiar     Summ           0%         N/A       95%         3
 Portal Projectile        Hex/Tloc       0%         N/A       95%         3
 Tukima's Dance           Hex            0%         N/A       95%         3
 Leda's Liquefaction      Hex/Erth       0%         N/A       100%        4


Dungeon Overview and Level Annotations

Branches:
Dungeon (2/15)

Altars:

Annotations:
D:2 Sigmund


Innate Abilities, Weirdness & Mutations

You thrive by killing the living.
You are immune to poison.
You have sharp fingernails.
Your flesh is cold resistant. (rC+)
You are immune to negative energy. (rN+++)
You do not regenerate when monsters are visible.
You are immune to unholy pain and torment.


Message History

The adder closely misses you.
You claw the adder!
You kill the adder!
Lugonu accepts your kill. The kobold hits you with a +0 club.
You scratch the kobold.
You kill the kobold!
Lugonu accepts your kill.
You feel better.
You scratch the endoplasm.
The endoplasm is heavily wounded.
The endoplasm barely misses you.
You scratch the endoplasm.
You kill the endoplasm!
Lugonu accepts your kill.
You feel better.
No target in view!
No target in view!
Found a stone staircase leading down.
You now have 95 gold pieces (gained 13).
Sigmund the Dreaded comes into view.
He is wielding a +0 scythe.
Sigmund shouts!
Sigmund is nearby!
Sigmund is nearby!
Sigmund is nearby!
Okay, then.
It was a potion of curing.
You feel better.
It was a potion of brilliance.
You feel clever all of a sudden. Sigmund gestures at you while chanting.
The puff of flame hits you!
An endoplasm comes into view.
Sigmund hits you from afar with a +0 scythe!
* * * LOW HITPOINT WARNING * * *
Found a scroll labelled DUATTU NANAT.
Sigmund barely misses you.
You scratch Sigmund.
Sigmund is lightly wounded.
Sigmund hits you with a +0 scythe!
You die...

..#....#+#.#...###+#.....##.#.#
..#+#......#.............+....#
..........##.............##.#####
....................>....##......
......................###########
..............###............ ..#
)............(........####..# #.#
.....#.........##.#.....##..# #.#
...... .......@.#.....##..# #.#
..... .......@.#.....##..###.. ..
#..###...#............## #
.J...............#
#.#...............#
..#....##.........#
.?.###+###.........# ....
#.........# ##.......##


You could see Sigmund and an endoplasm.

Vanquished Creatures
  An adder (D:2)
  4 endoplasms
  2 giant cockroaches (D:1)
  A goblin (D:1)
  5 hobgoblins
  4 jackals (D:1)
  3 quokkas
  2 ball pythons (D:1)
  2 bats
  2 frilled lizards (D:1)
  3 kobolds (D:2)
  2 rats (D:1)
31 creatures vanquished.

Notes
Turn   | Place    | Note
-------+----------+-------------------------------------------
     0 | Abyss:1  | PentaManta the Ghoul Abyssal Knight began the quest for the
                  | Orb.
     0 | Abyss:1  | Reached XP level 1. HP: 19/19 MP: 1/1
     2 | Abyss:1  | Found a corrupted altar of Lugonu.
    84 | Abyss:1  | Noticed an orange demon
    84 | Abyss:1  | Noticed a large abomination
    85 | D:1      | Escaped the Abyss
   369 | D:1      | Reached XP level 2. HP: 25/26 MP: 2/2
   374 | D:1      | Reached skill level 3 in Unarmed Combat
   814 | D:1      | Reached * piety under Lugonu
   937 | D:1      | Found a faded altar of an unknown god.
   940 | D:1      | Reached XP level 3. HP: 31/31 MP: 3/3
  1374 | D:2      | Reached skill level 4 in Unarmed Combat
  1721 | D:2      | Noticed Sigmund
  1726 | D:2      | Slain by Sigmund

Illustrated notes

Levels and vault maps discovered:
D:1:      roderic_dead_forest, layout_basic, basic_ecumenical_altar
D:2:      layout_basic, serial_glass, glass_columns_c, glass_columns_b,
          dk_vineyard_1, uniq_sigmund

Skill      XL: |  1  2  3 |
---------------+----------+-----
Unarmed Combat | 3 4 |  4.2
Fighting       | |  3.2
Armour         | |  1.7
Dodging        | |  0.8
Invocations    | |  2.0

Action                   || total
-------------------------++-------
Melee: Unarmed           ||   111
Invok: Depart the Abyss  ||     1
  Use: Potion            ||     2
Armor: Leather armour    ||    11
       Ring mail         ||    17
Dodge: Dodged            ||    59
